 Dungeon Crawl Stone Soup version 0.31.0-11-ge490571c62 (webtiles) character file.

Game seed: 234479294278998068

53 qw the Shooter (level 3, -1/20 HPs)
             Began as a Deep Elf Hunter on Feb 5, 2024.
             Slain by Natasha (8 damage)
             ... on level 2 of the Dungeon.
             The game lasted 00:00:31 (960 turns).

qw the Shooter (Deep Elf Hunter)                     Turns: 960, Time: 00:00:32

Health: -1/20      AC:  5    Str: 10    XL:     3   Next: 64%
Magic:  5/5        EV: 11    Int: 13    God:
Gold:   49         SH:  0    Dex: 24    Spells: 2/2 levels left

rFire   . . .        a - +0 shortbow
rCold   . . .        (shield currently unavailable)
rNeg    . . .        j - +0 ring mail
rPois   .            (no helmet)
rElec   .            (no cloak)
rCorr   .            (no gloves)
SInv    .            (no boots)
Will    .....        (no amulet)
Stlth   ++           f - +6 ring of dexterity
HPRegen 0.23/turn    (no ring)
MPRegen 0.09/turn

%: no passive effects
@: no status effects
A: no striking features
a: no special abilities


You were on level 2 of the Dungeon.
You visited 1 branch of the dungeon, and saw 2 of its levels.

You collected 49 gold pieces.


   Skills:
 - Level 1.5 Fighting
 + Level 7.1 Ranged Weapons
 - Level 2.4 Dodging
 - Level 1.2 Stealth


You had 2 spell levels left.
You didn't know any spells.
Your spell library was empty.

Inventory:

Hand Weapons
 a - a +0 shortbow (weapon)
Armour
 j - a +0 ring mail (worn)
Jewellery
 f - a +6 ring of dexterity (left hand)
Scrolls
 b - a scroll of identify
 h - a scroll of teleportation
Potions
 i - a potion of haste {unknown}
 k - a potion of degeneration {unknown}

Dungeon Overview and Level Annotations

Branches:
Dungeon (2/15)

Altars:

Annotations:
D:2 Natasha


Message History

931 ||| FLEEEEING.
932 ||| FLEEEEING.
You start resting.
Natasha is nearby!
934 ||| FLEEEEING.
You start resting.
Natasha is nearby!
You shoot an arrow. The arrow hits Natasha!
You kill Natasha!
Natasha growls in agony!
Your Ranged Weapons skill increases to level 7!
You have reached level 3!
Your experience leads to an increase in your attributes!
Your base attributes are Str 8, Int 13, Dex 18.
Increase (S)trength, (I)ntelligence, or (D)exterity?
You feel stronger. x2
You start resting.
HP restored.
You see here 6 stones.
A kobold comes into view. It is wielding a +0 short sword.
You shoot an arrow. The arrow hits the kobold.
You kill the kobold!
Natasha, Servant of Life and Death comes into view.
Natasha hisses angrily.
Natasha moves out of view.
There is a stone staircase leading down here.
Natasha casts a spell.
You shoot an arrow.
The arrow closely misses the cerulean imp.
The cerulean imp barely misses you.
You shoot an arrow. The arrow closely misses Natasha.
Natasha claws you. The cerulean imp barely misses you.
You shoot an arrow. The arrow barely misses Natasha.
Natasha wildly gestures.
You feel disoriented. Natasha claws you!
The cerulean imp hits you from afar with a +2 spear.
Natasha claws you!
You die...
Natasha curls up and begins to purr.

. .. #.# ### ... #.# ...
..... #)# #.### .....#####.#
#.##. ##......##.# #.##.
......h@.#.# #....
##....#.>#.####.# ##.^..
#.###.5........###.<... #.#
#.....###.(........
#.###.....# #..###.....
#.........###......#..#
#[#.#.........###.....#
..#####.....#.#(...## #.#####
..............#.###.###......


You could see Natasha and a cerulean imp (summoned).

Vanquished Creatures
  Natasha (D:2)
  2 bats
  5 endoplasms (D:1)
  A goblin (D:2)
  5 hobgoblins
  2 kobolds
  2 quokkas
  2 ball pythons (D:1)
  3 frilled lizards
  3 rats
26 creatures vanquished.

Notes
Turn   | Place    | Note
-------+----------+-------------------------------------------
     0 | D:1      | qw the Deep Elf Hunter began the quest for the Orb.
     0 | D:1      | Reached XP level 1. HP: 12/12 MP: 3/3
     0 | D:1      | 0 ||| qw: Version: 0.3-a-160-g6735b56
     0 | D:1      | 0 ||| qw: Game counter: 6563
     0 | D:1      | 0 ||| qw: Melee chars always use a shield: true
     0 | D:1      | 0 ||| qw: God list: Okawaru
     0 | D:1      | 0 ||| qw: Allow faded altars: false
     0 | D:1      | 0 ||| qw: Do Orc after clearing Dungeon:15 true
     0 | D:1      | 0 ||| qw: Do second Lair branch before Depths: true
     0 | D:1      | 0 ||| qw: Lair rune preference: random
     0 | D:1      | 0 ||| qw: Goals: Normal
     0 | D:1      | 0 ||| PLANNING D:1-11
   137 | D:1      | Reached XP level 2. HP: 16/16 MP: 4/4
   141 | D:1      | Reached skill level 6 in Ranged Weapons
   745 | D:1      | 745 ||| UPGRADING to +0 ring mail.
   755 | D:1      | 755 ||| DROPPING +0 leather armour.
   756 | D:1      | 756 ||| UPGRADING to +6 ring of dexterity.
   757 | D:1      | 757 ||| READING scroll labelled ZAYJOR WALLOSMI.
   758 | D:1      | 758 ||| READING scroll labelled MUULOR ARGHECUR.
   758 | D:1      | 758 ||| IDENTIFYING coppery potion
   759 | D:1      | 759 ||| READING 2 scrolls labelled VAUWNUINAPT.
   764 | D:1      | 764 ||| READING scroll labelled MARHUU POHELIFFUF.
   765 | D:1      | 765 ||| READING scroll labelled KOTTUKKEODE.
   766 | D:1      | 766 ||| DROPPING scroll of butterflies.
   767 | D:1      | 767 ||| DROPPING potion of brilliance.
   809 | D:2      | 809 ||| FLEEEEING.
   810 | D:2      | 810 ||| FLEEEEING.
   811 | D:2      | 811 ||| FLEEEEING.
   812 | D:2      | 812 ||| FLEEEEING.
   813 | D:2      | 813 ||| FLEEEEING.
   814 | D:2      | 814 ||| FLEEEEING.
   815 | D:2      | 815 ||| FLEEEEING.
   817 | D:2      | 817 ||| FLEEEEING.
   819 | D:2      | 819 ||| FLEEEEING.
   820 | D:2      | 820 ||| FLEEEEING.
   821 | D:2      | 821 ||| FLEEEEING.
   822 | D:2      | 822 ||| FLEEEEING.
   823 | D:2      | 823 ||| FLEEEEING.
   824 | D:2      | 824 ||| STAIRDANCE
   837 | D:1      | 837 ||| READING scroll labelled BISOEFO VYNLO.
   928 | D:2      | Noticed Natasha
   930 | D:2      | 930 ||| FLEEEEING.
   931 | D:2      | 931 ||| FLEEEEING.
   932 | D:2      | 932 ||| FLEEEEING.
   934 | D:2      | 934 ||| FLEEEEING.
   936 | D:2      | Killed Natasha
   937 | D:2      | Reached skill level 7 in Ranged Weapons
   937 | D:2      | Reached XP level 3. HP: 18/20 MP: 5/5
   955 | D:2      | Noticed Natasha
   960 | D:2      | Slain by Natasha

Levels and vault maps discovered:
D:1:      dpeg_arrival_tiny_f, layout_loops_ring,
          hangedman_decor_clover_reticule
D:2:      layout_loops_ring, minmay_stone_trees_small, minmay_box_of_dots,
          uniq_natasha

Skill      XL: |  1  2 |
---------------+-------+-----
Ranged Weapons | 7 |  7.1
Fighting       | |  1.5
Dodging        | |  2.4
Stealth        | |  1.2

Action                     || total
---------------------------++-------
   Fire: Shortbow          ||    60
    Use: Scroll            ||     6
 Armour: Leather armour    ||     9
         Ring mail         ||     9
  Dodge: Dodged            ||    15

Table legend:
 A = Non-vault XP
 B = Vault XP
 C = Vault XP percentage of total XP
 D = Non-vault monster count
 E = Vault monster count
 F = Vault count percentage of total count
                 A         B        C        D         E       F
            +---------+---------+-------+---------+---------+-------
      Total |      42 |      35 |  45.5 |      25 |       1 |   3.8
            +---------+---------+-------+---------+---------+-------
        D:1 |      29 |       0 |   0.0 |      17 |       0 |   0.0
        D:2 |      13 |      35 |  72.9 |       8 |       1 |  11.1
            +---------+---------+-------+---------+---------+-------
